 Dungeon Crawl Stone Soup version 0.28-a0-119-ga52ba8600a (webtiles) character file.

Game seed: 16325007394459412724

7690 Nattfarinn the Thaumaturge (level 11, -2/65 HPs)
             Began as a Djinni Conjurer on Aug 13, 2021.
             Was a Priest of Makhleb.
             Slain by Snorg (5 damage)
             ... on level 11 of the Dungeon.
             The game lasted 00:22:21 (13002 turns).

Nattfarinn the Thaumaturge (Djinni Conjurer)       Turns: 13002, Time: 00:22:22

Health: -2/65      AC:  5    Str:  6    XL:     11   Next: 41%
Gold:   497        EV: 16    Int: 23    God:    Makhleb [***...] SH:  0 Dex: 12

rFire   + + .      SeeInvis .   y - +2 dagger (holy)
rCold   x . .      Faith    .   (no shield)
rNeg    + . .      Spirit   .   z - +2 robe {rN+}
rPois   ∞          Reflect  .   b - +0 helmet
rElec   .          Harm     .   (no cloak)
rCorr   .          Rampage  .   (no gloves)
Will    +....                   (boots unavailable)
Stlth   ++........              (no amulet)
HPRegen 0.20/turn               (no ring)
MPRegen 0.00/turn               (no ring)

@: flying
A: sickness immunity, fire resistance 2, cold vulnerability 1, float, innate
caster, hp casting, extra vitality 1
a: Renounce Religion, Minor Destruction, Lesser Servant of Makhleb


You were on level 11 of the Dungeon.
You worshipped Makhleb.
Makhleb was most pleased with you.
You visited 1 branch of the dungeon, and saw 10 of its levels.

You collected 497 gold pieces.

Inventory:

Hand Weapons
 h - a +1 dagger of protection
 k - a +5 dagger
 t - a +1 whip of flaming
 y - a +2 dagger of holy wrath (weapon)
Armour
 a - a +0 robe
 b - a +0 helmet (worn)
 u - a +1 robe of positive energy
 z - a +2 robe of positive energy (worn)
Jewellery
 m - a ring of see invisible
Wands
 o - a wand of polymorph (7)
 p - a wand of iceblast (6)
Scrolls
 c - a scroll of teleportation
 i - 5 scrolls of identify
 l - a scroll of enchant armour {unknown}
 r - a scroll of fear
 x - 2 scrolls of noise {unknown}
 A - a scroll of enchant weapon {unknown}
Potions
 d - 2 potions of curing
 e - 3 potions of haste {unknown}
 f - a potion of attraction {unknown}
 g - a potion of mutation
 j - 2 potions of magic {unknown}
 n - a potion of berserk rage {unknown}
 q - 3 potions of flight {unknown}
 s - 2 potions of resistance {unknown}
 v - a potion of degeneration {unknown}
 w - 4 potions of heal wounds {unknown}


   Skills:
 * Level 7.3 Armour
 - Level 10.0 Dodging
 - Level 1.5 Stealth
 + Level 10.2 Spellcasting


You had one spell level left.
You knew the following spells:

 Your Spells              Type           Power      Damage    Failure   Level
a - Magic Dart            Conj           100%       1d8       1%          1
b - Searing Ray           Conj           100%       3d7       1%          2
c - Dazzling Flash        Conj/Hex       100%       N/A       1%          3
d - Fulminant Prism       Conj/Hex       28%        3d14      1%          4
e - Iskenderun's Mystic   Conj/Tloc      56%        2d12      1%          4
f - Pain                  Necr           100%       1d9       1%          1
g - Poisonous Vapours     Pois/Air       100%       N/A       1%          2
h - Teleport Other        Tloc           56%        N/A       1%          3
i - Passage of Golubria   Tloc           N/A        N/A       1%          4
j - Summon Forest         Summ/Tloc      28%        N/A       2%          5
Your spell library was empty.

Dungeon Overview and Level Annotations

Branches:
Dungeon (11/15)            Temple (0/1) D:4            Lair (0/6) D:8
    Orc: D:9-12

Altars:
Cheibriados
Gozag
Kikubaaqudgha
Makhleb
Trog
Uskayaw

Shops:
D:3 [[!*   D:7 =   D:8 !

Annotations:
D:11 Snorg


Innate Abilities, Weirdness & Mutations

You are immune to sickness and miasma.
You are immune to poison.
Your flesh is very heat resistant. (rF++)
You are vulnerable to cold. (rC-)
You float through the air rather than walking.
You learn spells naturally, not from books.
Your magical power is your life essence.
You have superior vitality. (+4 HP)


Message History

a +0 club; a +0 mace; an orc corpse Snorg is nearby!
Casting: Poisonous Vapours (safe; 1% risk of failure)
Confirm with . or Enter, or press ? or * to list all spells.
Aiming: Poisonous Vapours (safe; 1% risk of failure)
Press: ? - help, Dir - move target, f/p - Snorg
Aim: Snorg (lightly wounded, very poisoned) Poisonous vapours surround Snorg!
Snorg looks as sick as possible!
Casting: Poisonous Vapours (safe; 1% risk of failure)
Confirm with . or Enter, or press ? or * to list all spells.
Aiming: Poisonous Vapours (safe; 1% risk of failure)
Press: ? - help, Dir - move target, f/p - Snorg
Aim: Snorg (moderately wounded, very poisoned) Poisonous vapours surround Snorg!
Snorg looks as sick as possible!
Casting: Poisonous Vapours (safe; 1% risk of failure)
Confirm with . or Enter, or press ? or * to list all spells.
Aiming: Searing Ray (safe; 1% risk of failure)
Press: ? - help, Shift-Dir - straight line, f/p - Snorg
Aim: Snorg (moderately wounded, extremely poisoned, 83% to hit)
The searing ray hits Snorg!
Snorg is moderately wounded. (Press . to maintain the ray.) Unknown command.
The searing ray misses Snorg.
Unknown command.
Things that are here:
a +0 flail; +0 steam dragon scales; a steam dragon skeleton Snorg goes berserk!
Okay, then.
Casting: Searing Ray (safe; 1% risk of failure)
Confirm with . or Enter, or press ? or * to list all spells.
Aiming: Teleport Other (safe; 1% risk of failure)
Press: ? - help, Shift-Dir - straight line, f/p - Snorg
Aim: Snorg (heavily wounded, berserk, very poisoned, chance to affect: 52%) Snorg resists with significant effort.
Snorg bites you!! Snorg claws you!!
* * * LOW HITPOINT WARNING * * *
Snorg claws you.
* * * LOW HITPOINT WARNING * * *
Snorg misses you. x2; Snorg claws you.
You die...

##§....#.####..#
#.. #≈....####
#..# ###
#≈)####### #....
. #§§.##..>#
##.### #§§..###.#
.# ##§..≈##.# .#
...# ##..≈##.# ..
#..# ####T≈##.##
###..#
####....@##..#
.....#
##.#....≈####.#
###.## #.......≈#
#.# .##.#
#..#...≈≈# #.#
#.#.####.###.≈≈##
#.# ##.)[.)..#
#########.##
#.###.####
#..........# .#
#...#
#.#######..# #
#.#.## #.# #..#


You could see Snorg (berserk, very poisoned).

Vanquished Creatures
  Nergalle (D:11)
  A deep elf pyromancer (D:7)
  Pikel (D:6)
  3 centaur zombies (D:8)
  3 kobold demonologists
  Grinder (D:6)
  A troll (D:11)
  Sigmund (D:3)
  3 vampire mosquitoes (D:11)
  4 steam dragons
  A water moccasin (D:8)
  A black bear (D:8)
  7 orc warriors
  A necrophage (D:5)
  3 centaurs
  A phantom (D:4)
  A lemure (D:6)
  A kobold brigand (D:11)
  A gnoll sergeant (D:11)
  A wyvern zombie (D:7)
  2 bullfrogs
  4 scorpions
  A wyvern skeleton (D:6)
  A water moccasin skeleton (D:7)
  3 killer bees (D:9)
  3 wights (D:8)
  6 howler monkeys
  3 hounds
  2 jellies (D:8)
  8 orc priests
  3 centaur skeletons
  A bullfrog skeleton (D:5)
  2 iguanas
  11 orc wizards
  Natasha (thrice) (D:2)
  4 hound skeletons
  A howler monkey zombie (D:6)
  9 gnolls
  A howler monkey skeleton (D:7)
  6 adders
  2 shadow imps
  A white imp (D:7)
  An adder skeleton (D:4)
  6 dart slugs
  29 orcs
  7 bats
  10 endoplasms
  2 giant cockroaches (D:4)
  5 goblins
  5 hobgoblins
  3 jackals (D:1)
  6 kobolds
  7 quokkas
  2 ball pythons
  2 frilled lizards
  2 rats
201 creatures vanquished.

Vanquished Creatures (others)
  7 fulminant prisms
  12 fungi
  5 plants
24 creatures vanquished.

Grand Total: 225 creatures vanquished

Notes
Turn   | Place    | Note
-------+----------+-------------------------------------------
     0 | D:1      | Nattfarinn the Djinni Conjurer began the quest for the Orb.
     0 | D:1      | Reached XP level 1. HP: 15/15 MP: 0/0
    65 | D:1      | Reached XP level 2. HP: 7/21 MP: 0/0
   667 | D:1      | You are sucked into a shaft and drop 1 floor!
   961 | D:2      | Found an opulent altar of Gozag.
   969 | D:2      | Noticed Natasha
   973 | D:2      | Noticed a crimson imp
   975 | D:2      | Killed Natasha
   976 | D:2      | Reached XP level 3. HP: 13/25 MP: 0/0
   976 | D:2      | Learned a level 1 spell: Pain
  1264 | D:2      | Reached XP level 4. HP: 27/31 MP: 0/0
  1337 | D:2      | Found a faded altar of an unknown god.
  1535 | D:2      | Noticed Natasha
  1538 | D:2      | Killed Natasha
  1785 | D:2      | Noticed Natasha
  1791 | D:2      | Killed Natasha
  1792 | D:2      | Reached XP level 5. HP: 19/35 MP: 0/0
  1792 | D:2      | Learned a level 2 spell: Poisonous Vapours
  2440 | D:3      | Found Teugg's Distillery.
  2441 | D:3      | Noticed Sigmund
  2447 | D:3      | Reached skill level 5 in Spellcasting
  2447 | D:3      | Killed Sigmund
  2448 | D:3      | Reached XP level 6. HP: 25/40 MP: 0/0
  2634 | D:3      | Found Taru's Antique Armour Shop.
  2914 | D:3      | Found Jaruilui's Antique Armour Shop.
  3337 | D:3      | Found Xurayt's General Store.
  3479 | D:3      | Reached XP level 7. HP: 3/45 MP: 0/0
  3479 | D:3      | Learned a level 3 spell: Teleport Other
  3803 | D:4      | Found a staircase to the Ecumenical Temple.
  4696 | D:4      | Found a burning altar of Makhleb.
  4696 | D:4      | Found a bloodstained altar of Trog.
  4726 | D:4      | Became a worshipper of Makhleb the Destroyer
  5138 | D:4      | Reached XP level 8. HP: 34/50 MP: 0/0
  5398 | D:5      | Entered Level 5 of the Dungeon
  6074 | D:5      | Reached * piety under Makhleb
  7283 | D:6      | Noticed Pikel
  7298 | D:6      | Killed Pikel
  7299 | D:6      | Reached XP level 9. HP: 14/55 MP: 0/0
  7299 | D:6      | Learned a level 4 spell: Passage of Golubria
  7693 | D:6      | Noticed Grinder
  7701 | D:6      | Killed Grinder
  7830 | D:6      | Found a hide-covered altar of Uskayaw.
  8014 | D:7      | Reached skill level 10 in Spellcasting
  8465 | D:7      | Identified the +5 chain mail of Limitation {Rampage Fly rC-
                  | Int-4}
  8495 | D:7      | Reached skill level 1 in Armour
  8608 | D:7      | Noticed a deep elf pyromancer
  8620 | D:7      | Killed a deep elf pyromancer
  8621 | D:7      | Reached XP level 10. HP: 51/60 MP: 0/0
  8681 | D:7      | Reached skill level 5 in Dodging
  9028 | D:7      | Found Atwiabel's Jewellery Shop.
  9572 | D:8      | Noticed a kobold demonologist
  9669 | D:8      | Killed a kobold demonologist
 10452 | D:8      | Found a staircase to the Lair.
 10991 | D:8      | Found Athruur's Distillery.
 11139 | D:9      | Reached ** piety under Makhleb
 11311 | D:9      | Reached skill level 5 in Armour
 12032 | D:9      | You are sucked into a shaft and drop 2 floors!
 12061 | D:11     | Noticed Nergalle
 12062 | D:11     | Reached XP level 11. HP: 59/65 MP: 0/0
 12062 | D:11     | Learned a level 5 spell: Summon Forest
 12065 | D:11     | Noticed a spectral orc warlord
 12065 | D:11     | Noticed a spectral orc warlord
 12080 | D:11     | Killed Nergalle
 12283 | D:11     | Reached skill level 10 in Dodging
 12616 | D:11     | Found a snail-covered altar of Cheibriados.
 12810 | D:11     | Reached *** piety under Makhleb
 12974 | D:11     | Noticed Snorg
 13002 | D:11     | HP: 3/65 [Snorg (2)]
 13002 | D:11     | Slain by Snorg

Illustrated notes

Levels and vault maps discovered:
D:1:      scummos_arrival_star, layout_rooms, kennysheep_decorative_pillar
D:2:      layout_loops_ring, basic_altar, dreamdust_ecumenical_altar_grove,
          uniq_natasha
D:3:      layout_basic, serial_shops, nicolae_lakefront_shop, shop, shop,
          nicolae_shop_behind_doors, uniq_sigmund
D:4:      layout_rooms, gammafunk_temple_overflow_claw, temple_hall,
          gup_sewer_entry_spiral, minmay_quantized
D:5:      layout_basic, minmay_misc_feat_alley, minmay_fountain_box
D:6:      layout_loops_ring, lemuel_round_altar, uniq_pikel, uniq_grinder
D:7:      layout_basic, serial_shops, kennysheep_mini_moat
D:8:      layout_basic, grunt_lair_entry_orc_guard_hut, serial_shops, shop
D:9:      layout_long_grid, nicolae_gozag_cash_rules_everything_around_me,
          serial_rivers, chequers_serial_rivers_micro_d,
          chequers_serial_rivers_micro_a, chequers_serial_rivers_micro_a,
          chequers_serial_rivers_room_a
D:11:     cheibrodos_steamvent, layout_loops_ring, kennysheep_slug_shrine,
          uniq_snorg, uniq_nergalle

Skill      XL: |  1  2  3  4  5  6  7  8  9 10 11 |
---------------+----------------------------------+-----
Spellcasting   | 4 5 6 7 9 10 | 10.2
Armour         | 2 5 7 |  7.3
Dodging        | 4 9 10 | 10.0
Stealth        | |  1.5

Action                   |  1- 3 |  4- 6 |  7- 9 | 10-12 || total
-------------------------+-------+-------+-------+-------++-------
Melee: Dagger            |       |     5 |     9 |     8 ||    22
 Cast: Magic Dart        |    52 |    59 |   181 |    85 ||   377
       Searing Ray       |       |     7 |    14 |    50 ||    71
       Poisonous Vapours |       |       |    15 |    20 ||    35
       Teleport Other    |       |       |     4 |     1 ||     5
       Fulminant Prism   |       |       |     1 |     6 ||     7
  Use: Scroll            |       |       |     8 |       ||     8
       Potion            |       |       |       |     1 ||     1
 Stab: Sleeping          |       |       |     1 |       ||     1
Armor: Robe              |       |     3 |    14 |    27 ||    44
Dodge: Dodged            |       |    12 |    37 |    84 ||   133

Table legend: (Time is in decaauts)
 A = Elapsed time spent in this place.
 B = Non-inter-level travel time spent in this place.
 C = Inter-level travel time spent in this place.
 D = Time resting spent in this place.
 E = Time spent auto-exploring this place.
 F = Levels seen in this place.
 G = Mean time per level.
                   A        B        C        D        E       F      G
               +--------+--------+--------+--------+--------+-----+--------+
         Total |  13003 |  12438 |    565 |   1707 |   9601 |  10 | 1300.3 |
       Dungeon |  13003 |  12438 |    565 |   1707 |   9601 |  10 | 1300.3 |
               +--------+--------+--------+--------+--------+-----+--------+

Top non-repeatable levels by time:
     D:4: 1659 daAuts
     D:7: 1531 daAuts
     D:6: 1516 daAuts
     D:3: 1459 daAuts
     D:8: 1442 daAuts
     D:2: 1362 daAuts
     D:5: 1237 daAuts
    D:11: 969 daAuts
     D:1: 917 daAuts
     D:9: 907 daAuts
